 Dungeon Crawl Stone Soup version 0.29.1-12-g30fa7ad0bf (webtiles) character file.

Game seed: 9427479262200671901

93 hawla the Chiller (level 5, -7/39 HPs)
             Began as a Meteoran Ice Elementalist on Jan 14, 2023.
             Mangled by a black bear (12 damage)
             ... on level 4 of the Dungeon.
             The game lasted 00:02:59 (443 turns).

hawla the Chiller (Meteoran Ice Elementalist)        Turns: 443, Time: 00:03:01

Health: -7/39      AC:  2    Str:  9    XL:     5   Next: 16%
Magic:  1/12       EV: 13    Int: 18    God:
Gold:   65         SH:  0    Dex: 15    Spells: 8/12 levels left

rFire   . . .      SeeInvis .   (no weapon)
rCold   . . .      Faith    .   (no shield)
rNeg    . . .      Spirit   .   a - +0 robe
rPois   .          Reflect  .   (no helmet)
rElec   .          Harm     .   (no cloak)
rCorr   .          Rampage  .   (no gloves)
Will    .....                   (no boots)
Stlth   +.........              (no amulet)
HPRegen 0.13/turn               (no ring)
MPRegen 0.13/turn               (no ring)

@: lethally poisoned (-7 -> -10), freezing walls, glowing
A: sense surroundings 1, otherworldly, glowing, explore regen
a: no special abilities


You were on level 4 of the Dungeon.
You visited 1 branch of the dungeon, and saw 4 of its levels.

You collected 65 gold pieces.

Inventory:

Armour
 a - a +0 robe (worn)
Scrolls
 c - a scroll of identify {unknown}
 d - 3 scrolls of butterflies {unknown}
Potions
 e - a potion of heal wounds {unknown}
 f - a potion of curing {unknown}
 g - a potion of cancellation {unknown}


   Skills:
 + Level 0.3 Fighting
 + Level 2.9 Dodging
 - Level 1.4 Stealth
 + Level 4.2 Spellcasting
 + Level 5.4 Ice Magic


You had 8 spell levels left.
You knew the following spells:

 Your Spells              Type           Power      Damage    Failure   Level
a - Freeze                Ice            92%        1d10      1%          1
b - Frozen Ramparts       Ice            46%        1d7       4%          3

Your spell library contained the following spells:

 Spells                   Type           Power      Damage    Failure   Level
 Ozocubu's Armour         Ice            23%        N/A       4%          3
 Hailstorm                Conj/Ice       13%        3d5       43%         4


Dungeon Overview and Level Annotations

Branches:
Dungeon (4/15) Zot: 1955   Temple (0/1) D:4

Altars:


Innate Abilities, Weirdness & Mutations

You passively map a small area around you.
You are easily found by Zot.
You glow in the dark.
You regain HP and MP as you explore.


Message History

Casting: Freeze (safe; 1% risk of failure)
Confirm with . or Enter, or press ? or * to list all spells.
Aiming: Freeze (safe; 1% risk of failure)
Press: ? - help, Shift-Dir - straight line, f - black bear
Aim: a black bear You freeze the black bear.
The black bear is lightly wounded.
You feel sick.
The wall freezes the black bear.
The black bear misses you. The black bear claws you. x2
* * * LOW HITPOINT WARNING * * *
Casting: Freeze (safe; 1% risk of failure)
Confirm with . or Enter, or press ? or * to list all spells.
Aiming: Freeze (safe; 1% risk of failure)
Press: ? - help, Shift-Dir - straight line, f/p - black bear
Aim: a black bear (moderately wounded)
You freeze the black bear!
The black bear is heavily wounded.
You feel sick.
The wall freezes the black bear but does no damage.
The black bear closely misses you. The black bear claws you.
* * * LOW HITPOINT WARNING * * *
The black bear claws you but does no damage.
Casting: Freeze (safe; 1% risk of failure)
Confirm with . or Enter, or press ? or * to list all spells.
Aiming: Freeze (safe; 1% risk of failure)
Press: ? - help, Shift-Dir - straight line, f/p - black bear
Aim: a black bear (heavily wounded)
You freeze the black bear.
The black bear is severely wounded.
You feel sick.
The wall freezes the black bear.
The black bear goes berserk!
Unknown command.
Casting: Freeze (safe; 1% risk of failure)
Confirm with . or Enter, or press ? or * to list all spells.
Aiming: Freeze (safe; 1% risk of failure)
Press: ? - help, Shift-Dir - straight line, f/p - black bear
Aim: a black bear (almost dead, berserk)
You freeze the black bear.
The black bear is almost dead.
You feel sick.
The wall freezes the black bear.
The black bear bites you!
You die...

* * * *
,......, .... *
, ⌠..>. ,.... *
.... .....,
#... ##..... ..
#.⌠. .......
...#...#.......
, ........h..#
* , #...†@# *
#####.# ###†# ,
#<..# ##### * *


You could see a black bear (berserk).

Vanquished Creatures
  A scorpion (D:4)
  2 dart slugs
  4 ball pythons (D:1)
  4 endoplasms
  A giant cockroach (D:4)
  3 goblins (D:1)
  A hobgoblin (D:2)
  2 kobolds (D:1)
  2 bats (D:1)
  3 frilled lizards
  3 rats
26 creatures vanquished.

Notes
Turn   | Place    | Note
-------+----------+-------------------------------------------
     0 | D:1      | hawla the Meteoran Ice Elementalist began the quest for the
                  | Orb.
     0 | D:1      | Reached XP level 1. HP: 14/14 MP: 5/5
    51 | D:1      | Reached XP level 2. HP: 18/20 MP: 2/6
   263 | D:1      | Reached XP level 3. HP: 22/26 MP: 1/8
   310 | D:2      | Learned a level 3 spell: Frozen Ramparts
   433 | D:4      | Reached skill level 5 in Ice Magic
   433 | D:4      | Found a staircase to the Ecumenical Temple.
   433 | D:4      | Noticed a scorpion
   434 | D:4      | Noticed a black bear
   439 | D:4      | Killed a scorpion
   440 | D:4      | Reached XP level 4. HP: 15/34 MP: 4/11
   440 | D:4      | Reached XP level 5. HP: 17/39 MP: 4/12
   443 | D:4      | Mangled by a black bear

Illustrated notes

Levels and vault maps discovered:
D:1:      lightli_arrival_isolated_outpost, layout_basic,
          nicolae_ecumenical_snake_handling, st_stairs_2, minmay_misc_feat_five,
          hangedman_decor_points, minmay_3d_cube
D:2:      layout_loops_cross, uniq_crazy_yiuf_cottage
D:3:      layout_rooms, nicolae_elevator_lobby_asterisk
D:4:      minmay_octagon_keep, layout_basic, dk_yredelemnul_ordeal,
          kennysheep_little_box, minmay_temple_entry_junction_2, minmay_bent,
          uniq_menkaure, uniq_blork_the_orc

Skill      XL: |  1  2  3 |
---------------+----------+-----
Spellcasting   | 3 4 |  4.2
Ice Magic      | 5 |  5.4
Fighting       | |  0.3
Dodging        | |  2.9
Stealth        | |  1.4

Action                   |  1- 3 |  4- 6 || total
-------------------------+-------+-------++-------
Melee: Unarmed           |     3 |       ||     3
 Cast: Freeze            |    38 |     4 ||    42
       Frozen Ramparts   |     5 |       ||     5
  Use: Potion            |     1 |       ||     1
Armor: Robe              |     6 |     1 ||     7
Dodge: Dodged            |    25 |     2 ||    27
